AoeStats
← yt536390

Arabia

509987184Analyzed
1v1 RM · 5d ago on Sep 28, 2026· 26m 17s· 2 players
Game mode
Random Map
Map size
Tiny (2 player)
Population
200
Speed
Normal
Resources
Standard
Victory
Conquest
Starting age
Dark Age
Ending age
Imperial Age
RankedLock teamsTeams togetherTeam positionsShared explorationLock speedFull tech treeHidden civsTurbo modeCheats
Victory
Defeat
🇧🇷 Varangians · Brazil
1759
+21
🇨🇳 Mongols · China
1871
-21
yt536390
6:38 Loom
8:42 Feudal Age
14:52 Castle Age
Dakar1
4:49 Loom
9:33 Feudal Age
10:25 Double-Bit Axe
21:27 Castle Age
19:22 Fletching
20:21 Bloodlines
20:20 Scale Barding Armor
23:28 Husbandry
26:30 Chain Barding Armor
Connection lost

Rejoining the realm…

Still unreachable

The connection could not be restored.

Session expired

The server has moved on; the page needs a fresh start.